AoeStats
← AxingQuestions

Hill Fort

505157056Analyzed
4v4 RM · 23d ago on Sep 8, 2026· 43m 46s· 8 players
Game mode
Random Map
Map size
Large (8 player)
Population
200
Speed
Normal
Resources
Standard
Victory
Conquest
Starting age
Dark Age
Ending age
Imperial Age
RankedLock teamsTeams togetherTeam positionsShared explorationLock speedFull tech treeHidden civsTurbo modeCheats
Victory
Defeat
🇵🇪 Berbers · Peru
1300
+15
🇦🇷 Portuguese · Argentina
1271
+16
🇦🇷 Malay · Argentina
1234
+18
🇺🇸 Vietnamese · United States
1230
+18
🇨🇷 Hindustanis · Costa Rica
1319
-18
🇺🇸 Bengalis · United States
1271
-17
🇨🇦 Britons · Canada
1259
-16
🇨🇷 Vietnamese · Costa Rica
1258
-16
AxingQuestions
10:48 Feudal Age
11:28 Loom
16:07 Castle Age
14:48 Double-Bit Axe
15:01 Horse Collar
17:05 Bow Saw
16:58 Heavy Plow
20:19 Wheelbarrow
20:13 Gold Mining
21:55 Hand Cart
24:33 Gold Shaft Mining
24:08 Town Watch
25:40 Stone Mining
29:42 Imperial Age
27:14 Town Patrol
28:10 Fletching
29:24 Ballistics
29:02 Bodkin Arrow
30:20 Scale Barding Armor
29:58 Elite Elephant Archer
31:54 Bracer
32:57 Chemistry
31:38 Treadmill Crane
31:54 Murder Holes
32:10 Masonry
34:13 Two-Man Saw
33:51 Crop Rotation
33:54 Conscription
34:44 Paiks
34:33 Siege Elephant
38:06 Chain Barding Armor
[CRM]-Camacho
7:22 Loom
11:46 Feudal Age
16:34 Castle Age
14:48 Double-Bit Axe
16:26 Wheelbarrow
15:39 Horse Collar
18:03 Bow Saw
18:45 Gold Mining
18:59 Heavy Plow
21:42 Hand Cart
22:04 Stone Mining
39:07 Stone Shaft Mining
44:21 Imperial Age
[CRM] - Shadow
11:57 Feudal Age
16:07 Castle Age
14:26 Double-Bit Axe
15:31 Forging
16:19 Scale Barding Armor
17:44 Husbandry
18:36 Bloodlines
18:46 Loom
19:31 Horse Collar
27:13 Chain Barding Armor
29:12 Iron Casting
28:54 Heavy Plow
29:47 Bow Saw
31:35 Wheelbarrow
31:38 Gold Mining
33:54 Hand Cart
37:35 Imperial Age
36:40 Light Cavalry
37:36 Heavy Camel Rider
38:59 Plate Barding Armor
39:25 Blast Furnace
38:36 Hussar
Duckcat
10:46 Feudal Age
12:28 Loom
16:01 Castle Age
14:45 Double-Bit Axe
15:34 Fletching
15:31 Horse Collar
18:20 Bow Saw
23:11 Wheelbarrow
23:36 Gold Mining
23:38 Stone Mining
24:41 Hand Cart
24:14 Town Watch
24:33 Fletching
28:12 Gold Shaft Mining
28:08 Ballistics
31:15 Imperial Age
30:04 Bodkin Arrow
31:35 Yeomen
31:59 Bracer
32:00 Padded Archer Armor
33:07 Chemistry
34:00 Two-Man Saw
33:45 Leather Archer Armor
33:45 Masonry
33:17 Elite Longbowman
35:51 Warwolf
37:11 Ring Archer Armor
37:15 Conscription
37:37 Hoardings
38:34 Siege Engineers
39:02 Architecture
Eros
14:21 Feudal Age
17:59 Castle Age
22:15 Forging
25:48 Husbandry
27:00 Scale Barding Armor
29:08 Iron Casting
31:57 Gold Mining
31:56 Double-Bit Axe
32:40 Devotion
35:03 Horse Collar
35:35 Bow Saw
39:08 Loom
44:54 Gold Shaft Mining
dario_def
10:38 Feudal Age
11:06 Double-Bit Axe
12:29 Wheelbarrow
17:39 Castle Age
16:56 Horse Collar
18:30 Bow Saw
18:22 Heavy Plow
18:47 Loom
18:59 Gold Mining
20:11 Town Watch
30:05 Imperial Age
31:57 Chemistry
31:44 Hand Cart
31:56 Conscription
33:52 Siege Engineers
33:45 Elite Organ Gun
35:40 Two-Man Saw
36:34 Fletching
37:37 Crop Rotation
37:23 Arquebus
kalioglu
11:02 Feudal Age
15:20 Castle Age
13:39 Double-Bit Axe
13:43 Horse Collar
17:33 Fletching
18:07 Loom
21:46 Bodkin Arrow
28:55 Gold Mining
29:45 Bloodlines
34:19 Imperial Age
32:46 Ballistics
32:48 Kasbah
32:58 Padded Archer Armor
33:06 Husbandry
35:01 Maghrebi Camels
34:49 Elite Camel Archer
35:52 Conscription
35:36 Bracer
36:45 Chemistry
36:45 Gold Shaft Mining
37:06 Leather Archer Armor
37:48 Wheelbarrow
37:25 Town Watch
40:05 Bow Saw
41:18 Ring Archer Armor
41:05 Heavy Plow
42:26 Siege Engineers
43:47 Hoardings
44:12 Thumb Ring
Ronk
10:35 Feudal Age
11:47 Loom
17:10 Castle Age
15:47 Double-Bit Axe
17:30 Wheelbarrow
16:40 Horse Collar
18:46 Bow Saw
22:27 Gold Mining
22:42 Heavy Plow
24:17 Town Watch
25:31 Hand Cart
26:11 Fletching
26:22 Padded Archer Armor
27:10 Bodkin Arrow
26:49 Crossbowman
28:11 Stone Mining
29:24 Leather Archer Armor
30:00 Ballistics
32:41 Imperial Age
31:22 Scale Mail Armor
31:29 Squires
34:25 Chemistry
33:27 Bracer
33:45 Chain Mail Armor
33:40 Forging
32:55 Pikeman
33:20 Arbalester
34:08 Elite Skirmisher
34:53 Thumb Ring
35:04 Imperial Skirmisher
39:12 Two-Man Saw
38:44 Ring Archer Armor
39:44 Capped Ram
Connection lost

Rejoining the realm…

Still unreachable

The connection could not be restored.

Session expired

The server has moved on; the page needs a fresh start.